 Dungeon Crawl Stone Soup version 0.25-a0-731-g0472a16d6a (webtiles) character file.

Game seed: 5537569825784950628, levelgen mode: deterministic

8538 kae the Grappler (level 11, 0/77 HPs)
             Began as a Pale Draconian Transmuter on Apr 8, 2020.
             Was a Believer of Wu Jian.
             Slain by Sonja
             ... wielding a +0 dagger of venom
              (7 damage)
             ... on level 11 of the Dungeon.
             The game lasted 00:13:07 (15334 turns).

kae the Grappler (Pale Draconian Transmuter)       Turns: 15334, Time: 00:13:08

Health: 0/77       AC:  7    Str: 16    XL:     11   Next: 11%
Magic:  20/23      EV: 12    Int: 14    God:    Wu Jian [**....]
Gold:   713        SH:  0    Dex: 11    Spells: 11/26 levels left

rFire    . . .     SeeInvis .     - Unarmed
rCold    . . .     Gourm    +   (shield currently unavailable)
rNeg     . . .     Faith    .   (armour unavailable)
rPois    .         Spirit   .   (helmet restricted)
rElec    .         Reflect  .   (no cloak)
rCorr    .         Harm     .   (gloves currently unavailable)
MR       ++...                  (no boots)
Stlth    +.........             h - amulet of the gourmand
HPRegen  0.22/turn              s - ring of protection from magic
MPRegen  0.18/turn              o - ring of protection from magic

@: blade hands, slowed, very slow
A: breathe steam, unfitting armour, cold-blooded, AC +7
a: Breathe Steam, End Transformation, Wall Jump, Renounce Religion


You were on level 11 of the Dungeon.
You worshipped Wu Jian.
Wu Jian was pleased with you.
You were full.
You had blades for hands.
You visited 2 branches of the dungeon, and saw 12 of its levels.
You also visited: Ossuary.

You collected 713 gold pieces.

Inventory:

Missiles
 a - 221 arrows
Armour
 g - a +1 pair of gloves (melded)
Jewellery
 h - an amulet of the gourmand (around neck)
 o - a ring of protection from magic (right scythe-like blade)
 s - a ring of protection from magic (left scythe-like blade)
 t - an uncursed ring of resist corrosion
 w - an uncursed amulet of harm
 z - an uncursed ring of fire
Wands
 f - a wand of polymorph (18)
 i - a wand of iceblast (9)
 l - a wand of random effects (18)
 m - a wand of paralysis (5)
 v - a wand of acid (17)
 y - a wand of disintegration (16)
Scrolls
 j - 7 scrolls of teleportation
 n - 2 scrolls of random uselessness
 p - 5 scrolls of remove curse
 u - 6 scrolls of enchant weapon
 A - 3 scrolls of magic mapping
Potions
 b - 4 potions of flight
 d - 2 potions of invisibility
 e - a potion of cancellation
 k - 2 potions of lignification
 q - 3 potions of heal wounds
 r - 2 potions of curing
 x - 4 potions of magic
 C - 2 potions of brilliance
Comestibles
 c - 24 rations


   Skills:
 - Level 1.1 Fighting
 - Level 1.7 Dodging
 * Level 12.3 Unarmed Combat
 + Level 8.2 Spellcasting
 + Level 9.0 Transmutations


You had 11 spell levels left.
You knew the following spells:

 Your Spells              Type           Power        Failure   Level  Hunger
a - Beastly Appendage     Tmut           ####..       10%         1    None
b - Sticks to Snakes      Tmut           ####....     12%         2    None
c - Spider Form           Tmut/Pois      ###.......   36%         3    ##.....
d - Ice Form              Ice/Tmut       ###.....     63%         4    ####...
e - Blade Hands           Tmut           ####......   43%         5    #####..

Your spell library contained the following spells:

 Spells                   Type           Power        Failure   Level  Hunger
 Magic Dart               Conj           #...         52%         1    None
 Searing Ray              Conj           #.....       61%         2    None
 Dazzling Flash           Conj/Hex       #.....       78%         3    ##.....
 Fulminant Prism          Conj/Hex       #.........   97%         4    ####...
 Iskenderun's Mystic Bla  Conj/Tloc      #.......     97%         4    ####...


Dungeon Overview and Level Annotations

Branches:
Dungeon (11/15)            Temple (1/1) D:5             Orc (0/2) D:11
Ossuary (visited)
   Lair: D:8-11

Altars:
Ashenzari
Cheibriados
Dithmenos
Elyvilon
Fedhas
Gozag
Hepliaklqana
Kikubaaqudgha
Makhleb
Nemelex Xobeh
Okawaru
Qazlal
Ru
Sif Muna
Trog
Uskayaw
Vehumet
Wu Jian
Xom
Yredelemnul
Zin
The Shining One

Shops:
D:5 (   D:7 %

Annotations:
D:8 1 runed translucent door
D:10 2 transporters, bmj180's ghost, journeyman DrCj
D:11 Sonja


Innate Abilities, Weirdness & Mutations

You can breathe blasts of scalding, opaque steam.
Your pale cyan-grey scales are hard. (AC +7)
You cannot fit into any form of body armour.
You are cold-blooded and may be slowed by cold attacks.


Message History

* * * LOW HITPOINT WARNING * * *
You feel as though you will be slow longer.
* * * LOW HITPOINT WARNING * * *
You feel sick. Something hits you but does no damage.
You are lethally poisoned!
Something hits you.
* * * LOW HITPOINT WARNING * * *
You are more poisoned.
Something hits you.
* * * LOW HITPOINT WARNING * * *
You are more poisoned.
Something hits you but does no damage. Something hits you.
* * * LOW HITPOINT WARNING * * *
You are more poisoned.
Something hits you but does no damage.
You are more poisoned.
You see here 2 curare-tipped darts.
Okay, then.
You feel better. Something hits you!
You die...

#########
.......(#
#######@# ###
#{# .
##.###.##....
#.#...........
##.###.##....#
#.# #.# ....
#.###.###.#
###
#.........####
.
#####.##.....#
.#


There were no monsters in sight!

Vanquished Creatures
  A hydra (D:10)
  An ugly thing (D:11)
  Joseph (D:10)
  Psyche (D:9)
  A troll (D:10)
  A queen bee (D:8)
  The ghost of zikan the Magician, an amateur GnWz (D:4)
  5 humans (D:6)
  A wyvern (D:8)
  A steam dragon (D:11)
  2 hungry ghosts
  Menkaure (D:5)
  A water moccasin (D:10)
  A porcupine (D:11)
  3 orc warriors
  2 sky beasts
  An ice beast (D:7)
  2 phantoms
  A necrophage (D:10)
  An ogre (D:4)
  2 crocodiles (D:11)
  A big kobold (D:4)
  4 bullfrogs
  7 scorpions
  5 wights (D:10)
  15 killer bees (D:8)
  4 howler monkeys
  3 crimson imps
  3 bullfrog zombies
  A centaur zombie (D:8)
  5 hounds
  A human zombie (Ossuary)
  9 orc priests
  2 jellies
  15 orc wizards
  2 bullfrog skeletons
  Jessica (D:2)
  3 iguanas
  Ijyb (D:3)
  Natasha (thrice) (D:3)
  8 worker ants
  A big kobold zombie (Ossuary)
  4 mummies (Ossuary)
  Robin (D:2)
  2 worker ant zombies (D:5)
  3 gnolls
  11 adders
  3 shadow imps
  2 oozes
  A worm (D:6)
  3 dart slugs
  6 leopard geckos
  35 orcs
  3 ball pythons
  3 bats
  6 giant cockroaches
  11 goblins
  9 hobgoblins
  10 jackals
  8 kobolds
  4 quokkas
  5 frilled lizards
  A gnoll zombie (Ossuary)
  A goblin zombie (Ossuary)
  2 jackal zombies (Ossuary)
  3 kobold zombies (Ossuary)
  A leopard gecko skeleton (D:5)
  An orc zombie (Ossuary)
  A quokka zombie (D:8)
  4 rats
  2 rat zombies (Ossuary)
271 creatures vanquished.

Vanquished Creatures (others)
  A hobgoblin (D:3)
  2 bushes (D:11)
  5 fungi (D:11)
  10 plants (D:11)
18 creatures vanquished.

Grand Total: 289 creatures vanquished

Notes
Turn   | Place    | Note
-------+----------+-------------------------------------------
     0 | D:1      | kae the Draconian Transmuter began the quest for the Orb.
     0 | D:1      | Reached XP level 1. HP: 16/16 MP: 3/3
     2 | D:1      | Noticed an elf
     4 | D:1      | Noticed a felid
     4 | D:1      | Noticed a halfling
     6 | D:1      | Noticed a gargoyle
     6 | D:1      | Noticed a ghoul
     8 | D:1      | Noticed a spriggan
     8 | D:1      | Noticed a formicid
    10 | D:1      | Noticed a demonspawn
    10 | D:1      | Noticed an octopode
    12 | D:1      | Noticed a tengu
    14 | D:1      | Noticed a minotaur
    14 | D:1      | Noticed a vampire
    16 | D:1      | Noticed a vine stalker
    16 | D:1      | Noticed a human
    18 | D:1      | Noticed a draconian
    18 | D:1      | Noticed a merfolk
    20 | D:1      | Noticed an ogre
    20 | D:1      | Noticed a demigod
    22 | D:1      | Noticed a naga
    25 | D:1      | Noticed a troll
    27 | D:1      | Noticed a centaur
    27 | D:1      | Noticed a dwarf
   427 | D:1      | Reached XP level 2. HP: 23/23 MP: 5/5
   431 | D:1      | Learned a level 2 spell: Sticks to Snakes
  1400 | D:2      | Reached XP level 3. HP: 24/28 MP: 6/6
  1405 | D:2      | Found a shattered altar of Ashenzari.
  1793 | D:2      | Found a glowing golden altar of the Shining One.
  1943 | D:2      | Noticed Jessica
  1954 | D:2      | Killed Jessica
  1954 | D:2      | Reached skill level 4 in Unarmed Combat
  1954 | D:2      | Reached XP level 4. HP: 29/35 MP: 2/7
  2031 | D:2      | Learned a level 3 spell: Spider Form
  2322 | D:2      | Noticed Robin
  2356 | D:2      | Killed Robin
  2688 | D:3      | Reached XP level 5. HP: 39/40 MP: 6/9
  2700 | D:3      | Noticed Ijyb
  2714 | D:3      | Killed Ijyb
  2796 | D:3      | HP: 2/40 [something/magic dart (5)]
  3124 | D:3      | Reached skill level 5 in Unarmed Combat
  3335 | D:3      | Reached XP level 6. HP: 33/47 MP: 5/10
  4102 | D:3      | Noticed Natasha
  4116 | D:3      | Killed Natasha
  4632 | D:3      | Noticed Natasha
  4643 | D:3      | Killed Natasha
  4844 | D:3      | Noticed Natasha
  4850 | D:3      | Killed Natasha
  4963 | D:4      | Reached skill level 6 in Unarmed Combat
  4963 | D:4      | Your scales start taking on a pale cyan-grey colour.
  4963 | D:4      | Reached XP level 7. HP: 21/52 MP: 7/12
  5218 | D:4      | You fall into a shaft and drop 3 floors!
  5760 | D:7      | Reached skill level 7 in Unarmed Combat
  5969 | D:7      | Found Nioxed's Food Shop.
  6236 | D:7      | Noticed a hungry ghost
  6258 | D:7      | Killed a hungry ghost
  6258 | D:7      | Reached skill level 5 in Transmutations
  6258 | D:7      | Reached XP level 8. HP: 53/59 MP: 12/15
  6304 | D:7      | Found a stormy altar of Qazlal.
  6827 | D:6      | Reached skill level 5 in Spellcasting
  6886 | D:6      | Reached skill level 8 in Unarmed Combat
  6942 | D:6      | Reached skill level 9 in Unarmed Combat
  6942 | D:6      | Reached XP level 9. HP: 27/64 MP: 11/17
  6982 | D:6      | Found a sand-covered staircase.
  6989 | Ossuary  | Entered an ossuary
  7759 | D:6      | Found an ancient bone altar of Kikubaaqudgha.
  7825 | D:6      | Found a snail-covered altar of Cheibriados.
  7862 | D:6      | Found a sacrificial altar of Ru.
  7961 | D:6      | Found a hazy altar of Hepliaklqana.
  8060 | D:5      | Entered Level 5 of the Dungeon
  8210 | D:6      | Learned a level 4 spell: Ice Form
  8216 | D:6      | Learned a level 5 spell: Blade Hands
  8300 | D:5      | Noticed Menkaure
  9368 | D:5      | Killed Menkaure
  9556 | D:5      | Found a staircase to the Ecumenical Temple.
  9628 | Temple   | Entered the Ecumenical Temple
  9716 | Temple   | Became a worshipper of the Wu Jian Council
  9780 | D:5      | Found Zunote's Weapon Emporium.
  9893 | D:5      | Reached skill level 10 in Unarmed Combat
 10111 | D:4      | Found a white marble altar of Elyvilon.
 10157 | D:4      | Found a runed translucent gate.
 10157 | D:4      | Found a runed translucent gate.
 10157 | D:4      | Found an opulent altar of Gozag.
 10158 | D:4      | Found a runed translucent gate.
 10396 | D:4      | Noticed zikan's ghost (amateur GnWz)
 10546 | D:4      | Killed zikan's ghost
 10669 | D:8      | Found a runed translucent door.
 10669 | D:8      | Noticed a sixfirhy
 10724 | D:8      | Reached * piety under Wu Jian
 10968 | D:8      | Reached XP level 10. HP: 62/71 MP: 17/20
 11628 | D:8      | Reached skill level 11 in Unarmed Combat
 12604 | D:9      | Noticed Psyche
 12611 | D:9      | Killed Psyche
 12758 | D:10     | Entered Level 10 of the Dungeon
 12799 | D:10     | Noticed bmj180's ghost (journeyman DrCj)
 12806 | D:10     | Noticed a cyclops
 12806 | D:10     | a merfolk changed into a cyclops
 12807 | D:10     | Noticed a manticore
 12807 | D:10     | a cyclops changed into a manticore
 12858 | D:10     | Reached ** piety under Wu Jian
 12938 | D:10     | Found a transporter.
 12948 | D:10     | Noticed a black mamba
 12948 | D:10     | a meliai changed into a black mamba
 12953 | D:10     | a black mamba changed into a hornet
 13709 | D:10     | Noticed a four-headed hydra
 13715 | D:10     | Killed a four-headed hydra
 13858 | D:10     | Noticed Joseph
 13878 | D:10     | Killed Joseph
 13878 | D:10     | Reached skill level 12 in Unarmed Combat
 14108 | D:10     | Found a transporter.
 14113 | D:10     | Noticed a torpor snail
 14114 | D:10     | Noticed a moth of wrath
 14114 | D:10     | a torpor snail changed into a moth of wrath
 14321 | D:10     | Noticed a lindwurm
 14336 | D:10     | Noticed a two-headed ogre
 14336 | D:10     | a lindwurm changed into a two-headed ogre
 14366 | D:11     | Reached XP level 11. HP: 38/77 MP: 19/23
 14594 | D:11     | Noticed a cyan ugly thing
 14594 | D:11     | Noticed a brown ugly thing
 14614 | D:11     | Killed a cyan ugly thing
 15001 | D:11     | Found a staircase to the Orcish Mines.
 15322 | D:11     | Noticed Sonja
 15333 | D:11     | HP: 2/77 [something (2)]
 15334 | D:11     | Slain by Sonja

Levels and vault maps discovered:
D:1:      kb_arrival_jail, layout_loops_corners
D:2:      layout_loops_corners, tso_oasis_becter, old_standard_altar,
          first_ration, uniq_robin, uniq_jessica
D:3:      layout_rooms, uniq_natasha, uniq_ijyb
D:4:      layout_cave_pools, elyvilon_altar_3, ebering_ghost_gozag,
          nrook_mini_backslash
D:5:      layout_rooms, minmay_temple_entry_proselytizer, serial_shops, shop,
          uniq_menkaure
D:6:      layout_rooms, lemuel_coloured_pillars_altar, slow_altar_2,
          nicolae_overflow_crystal_walls, kennysheep_mini_moat,
          chequers_ossuary_entry_cave, minmay_misc_feat_roman, minmay_ruffians
D:7:      layout_basic, kennysheep_mini, serial_shops, nicolae_shop_trees
D:8:      cheibrodos_shockbox, layout_basic, david_nohive_1
D:9:      layout_basic, uniq_psyche
D:10:     layout_long_grid, gammafunk_ghost_arena, uniq_joseph
D:11:     layout_loops_corners, minmay_lair_entry_grove, david_orc_3,
          st_stairs_10, tso_altar, uniq_sonja
Temple:   zaba_magenta_temple

Skill      XL: |  1  2  3  4  5  6  7  8  9 10 11 |
---------------+----------------------------------+-----
Unarmed Combat | 4 5 6 7 9 10 12 | 12.3
Transmutations | 3 4 5 6 7 8 9 |  9.0
Spellcasting   | 3 4 5 6 8 |  8.2
Fighting       | |  1.1
Dodging        | |  1.7

Action                   |  1- 3 |  4- 6 |  7- 9 | 10-12 || total
-------------------------+-------+-------+-------+-------++-------
Melee: Unarmed           |   109 |   176 |   406 |   202 ||   893
       Tailslap          |    12 |     4 |    13 |    14 ||    43
       Kick              |     3 |     1 |       |     1 ||     5
       Headbutt          |     2 |       |       |       ||     2
       Punch             |     2 |       |     2 |     5 ||     9
 Cast: Beastly Appendage |    21 |     2 |       |     1 ||    24
       Sticks to Snakes  |     2 |       |       |       ||     2
       Spider Form       |       |    20 |    22 |       ||    42
       Ice Form          |       |       |    12 |    11 ||    23
       Blade Hands       |       |       |     2 |    12 ||    14
Invok: Lunge             |       |       |     8 |    16 ||    24
       Whirlwind         |       |       |       |     3 ||     3
  Use: Scroll            |     1 |    10 |     7 |     6 ||    24
       Potion            |     3 |     1 |     3 |     5 ||    12
 Stab: Invisible         |       |       |       |     1 ||     1
  Eat: Chunk             |     2 |    21 |    33 |    20 ||    76
Armor: Skin              |    42 |    25 |   100 |    40 ||   207
Dodge: Dodged            |    80 |   163 |   276 |    77 ||   596

Table legend:
 A = Non-vault XP
 B = Vault XP
 C = Vault XP percentage of total XP
 D = Non-vault monster count
 E = Vault monster count
 F = Vault count percentage of total count
                 A         B        C        D         E       F
            +---------+---------+-------+---------+---------+-------
      Total |    7743 |    4455 |  36.5 |     206 |      66 |  24.3
            +---------+---------+-------+---------+---------+-------
        D:1 |      37 |       0 |   0.0 |      18 |       0 |   0.0
        D:2 |     103 |      68 |  39.8 |      21 |      12 |  36.4
        D:3 |     328 |      70 |  17.6 |      29 |       2 |   6.5
        D:4 |     544 |     311 |  36.4 |      15 |       2 |  11.8
        D:5 |     809 |     218 |  21.2 |      29 |       2 |   6.5
        D:6 |     472 |     967 |  67.2 |      19 |       6 |  24.0
        D:7 |     847 |       0 |   0.0 |      20 |       0 |   0.0
        D:8 |     663 |    1234 |  65.1 |      15 |      16 |  51.6
        D:9 |     553 |     439 |  44.3 |      10 |       1 |   9.1
       D:10 |    2512 |     493 |  16.4 |      25 |       1 |   3.8
       D:11 |     875 |     503 |  36.5 |       5 |       8 |  61.5
    Ossuary |       0 |     152 | 100.0 |       0 |      16 | 100.0
            +---------+---------+-------+---------+---------+-------
